 Dungeon Crawl Stone Soup version 0.24-a0-203-gf0bc1e9 (webtiles) character file.

Game seed: 13540567631070334330

1190 Borgoz the Cutter (level 8, 0/48 HPs)
             Began as a Kobold Gladiator on Mar 26, 2019.
             Was an Initiate of Ashenzari.
             Succumbed to an orc wizard's poison
             ... on level 6 of the Dungeon.
             The game lasted 00:09:38 (6398 turns).

Borgoz the Cutter (Kobold Gladiator)                Turns: 6398, Time: 00:09:38

Health: 0/48       AC:  4    Str: 14 (15) XL:     8   Next: 71%
Magic:  8/8        EV: 18    Int:  9      God:    Ashenzari [......]
Gold:   353        SH:  0    Dex: 16 (17) Spells: 7/7 levels left

rFire    . . .     SeeInvis .   m - +0 short sword (flame)
rCold    . . .     Gourm    .   (shield restricted)
rNeg     + . .     Faith    .   (no armour)
rPois    .         Spirit   .   c - +0 helmet
rElec    .         Reflect  .   (no cloak)
rCorr    .         Harm     .   (no gloves)
MR       ++...                  p - +0 pair of boots
Stlth    +++.......             (no amulet)
HPRegen  0.16/turn              i - ring of protection from magic
MPRegen  0.11/turn              s - ring of positive energy

@: lethally poisoned (0 -> -8)
A: small, molten scales 1, carnivore, magic resistance 1, mutation resistance 1,
strong 1
a: Curse Item, Renounce Religion


You were on level 6 of the Dungeon.
You worshipped Ashenzari.
Ashenzari was noncommittal.
You were not hungry.

You visited 2 branches of the dungeon, and saw 7 of its levels.

You collected 353 gold pieces.

Inventory:

Hand Weapons
 a - a +0 rapier
 e - a +1 dagger of venom
 m - a +0 short sword of flaming (weapon)
Missiles
 o - 5 tomahawks (quivered)
Armour
 c - a +0 helmet (worn)
 h - a +0 leather armour
 p - a +0 pair of boots (worn)
 u - a +1 leather armour of poison resistance
Jewellery
 b - an uncursed ring of ice
 i - a ring of protection from magic (left hand)
 s - a ring of positive energy (right hand)
Scrolls
 g - 2 scrolls of identify {unknown}
 j - 3 scrolls of enchant weapon {unknown}
 k - 2 scrolls of teleportation {unknown}
 n - a scroll of magic mapping {unknown}
 q - a scroll of blinking {unknown}
 r - a scroll of vulnerability {unknown}
 t - a scroll of fear {unknown}
Comestibles
 f - 9 rations


   Skills:
 + Level 4.4 Fighting
 + Level 6.2 Short Blades
 + Level 4.4 Throwing
 * Level 4.1 Armour
 + Level 5.9 Dodging
 + Level 5.1 Stealth


You had 7 spell levels left.
You didn't know any spells.
Your spell library was empty.

Dungeon Overview and Level Annotations

Branches:
Dungeon (6/15)             Temple (1/1) D:4

Altars:
Ashenzari
Cheibriados
Dithmenos
Elyvilon
Fedhas
Gozag
Hepliaklqana
Kikubaaqudgha
Makhleb
Nemelex Xobeh
Okawaru
Qazlal
Ru
Sif Muna
Trog
Uskayaw
Wu Jian
Xom
Yredelemnul
Zin
The Shining One

Shops:
D:4 !


Innate Abilities, Weirdness & Mutations

You are small and have problems with some larger weapons.
You are carnivorous and can eat meat at any time.
You are partially covered in molten scales. (AC +2)
You are resistant to hostile enchantments. (MR+)
You are somewhat resistant to further mutation.
Your muscles are strong. (Str +2)


Message History

You continue taking off your +0 leather armour.
* * * LOW HITPOINT WARNING * * *
You feel sick.
You finish taking off your +0 leather armour.
You aren't carrying any potions.
Keep equipping yourself?
* * * LOW HITPOINT WARNING * * *
You feel sick.
You start putting on your armour.
You continue putting on your +1 leather armour of poison resistance.
* * * LOW HITPOINT WARNING * * *
You feel sick.
You continue putting on your +1 leather armour of poison resistance.
* * * LOW HITPOINT WARNING * * *
You feel sick.
You continue putting on your +1 leather armour of poison resistance.
* * * LOW HITPOINT WARNING * * *
You feel sick.
You continue putting on your +1 leather armour of poison resistance.
You die...

##..##.....
#.......... ###
##..<....#
...#####......###
#....##...####
#....)...#
##......##
##......#
#.@....##
##......#
#...#.#.#
##...#.#..#
#...#####.#
##..## .. #...#
#.# ##..## #..##


There were no monsters in sight!

Vanquished Creatures
  Sigmund (D:3)
  Edmund (D:6)
  An ice beast (D:5)
  A phantom (D:4)
  2 ogres
  Blork the orc (D:5)
  A bullfrog (D:4)
  A crimson imp (D:6)
  A jelly (D:5)
  A hound (D:5)
  3 orc wizards
  A centaur skeleton (D:5)
  Terence (D:3)
  A worker ant (D:5)
  A hound zombie (D:5)
  A worker ant zombie (D:6)
  A gnoll (D:1)
  4 adders
  A shadow imp (D:5)
  3 oozes
  An adder zombie (D:6)
  4 worms
  2 leopard geckos
  16 orcs
  A ball python (D:4)
  5 giant cockroaches
  2 goblins
  5 hobgoblins
  4 jackals (D:1)
  4 kobolds
  2 quokkas
  11 bats
  4 frilled lizards
  7 rats
96 creatures vanquished.

Notes
Turn   | Place    | Note
-------+----------+-------------------------------------------
     0 | D:1      | Borgoz the Kobold Gladiator began the quest for the Orb.
     0 | D:1      | Reached XP level 1. HP: 12/12 MP: 1/1
   194 | D:1      | Reached XP level 2. HP: 17/17 MP: 2/2
   203 | D:1      | Reached skill level 1 in Stealth
   414 | D:1      | Reached XP level 3. HP: 18/22 MP: 3/3
   422 | D:1      | Reached skill level 1 in Armour
   883 | D:2      | Reached XP level 4. HP: 21/27 MP: 4/4
  1978 | D:3      | Reached XP level 5. HP: 21/31 MP: 5/5
  2114 | D:3      | Noticed Sigmund
  2137 | D:3      | Killed Sigmund
  2137 | D:3      | Reached XP level 6. HP: 31/37 MP: 6/6
  2220 | D:3      | Gained mutation: Your body sometimes deteriorates upon
                  | taking damage. [potion of mutation]
  2220 | D:3      | Gained mutation: Your muscles are strong. (Str +2) [potion
                  | of mutation]
  2220 | D:3      | Gained mutation: Your system is resistant to poisons.
                  | (rPois) [potion of mutation]
  2231 | D:3      | Reached skill level 5 in Short Blades
  2456 | D:4      | Noticed an ogre
  2820 | D:3      | Noticed Terence
  2853 | D:3      | Killed Terence
  3347 | D:4      | Killed an ogre
  3347 | D:4      | Reached XP level 7. HP: 28/41 MP: 7/7
  3506 | D:4      | Reached skill level 5 in Dodging
  3990 | D:4      | Found a staircase to the Ecumenical Temple.
  4001 | Temple   | Entered the Ecumenical Temple
  4188 | Temple   | Became a worshipper of Ashenzari the Shackled
  4412 | D:4      | Found Nyskum's Distillery.
  4594 | D:5      | Entered Level 5 of the Dungeon
  4648 | D:5      | Found a bloodstained altar of Trog.
  4863 | D:5      | Reached XP level 8. HP: 24/48 MP: 8/8
  5060 | D:3      | Lost mutation: Your body sometimes deteriorates upon taking
                  | damage. [potion of mutation]
  5060 | D:3      | Lost mutation: Your system is resistant to poisons. (rPois)
                  | [potion of mutation]
  5060 | D:3      | Gained mutation: You are partially covered in molten
                  | scales. (AC +2) [potion of mutation]
  5060 | D:3      | Gained mutation: You are resistant to hostile enchantments.
                  | (MR+) [potion of mutation]
  5060 | D:3      | Gained mutation: You are somewhat resistant to further
                  | mutation. [potion of mutation]
  5203 | D:5      | Noticed Blork the orc
  5225 | D:5      | Killed Blork the orc
  5627 | D:6      | Reached skill level 6 in Short Blades
  5948 | D:6      | Noticed Edmund
  5997 | D:6      | Killed Edmund
  5997 | D:6      | Reached skill level 5 in Stealth
  6395 | D:6      | HP: 2/48 [poisoned by an orc wizard]
  6398 | D:6      | Succumbed to an orc wizard's poison

Levels and vault maps discovered:
D:1:      psy_arrival_whirlpool, layout_loops_ring
D:2:      layout_loops_ring, minmay_door_square
D:3:      layout_loops_ring, uniq_sigmund, uniq_terence
D:4:      layout_rooms, minmay_temple_entry_mini_moons, first_ration,
          serial_shops, shop
D:5:      layout_rooms, trog_book, uniq_blork_the_orc
D:6:      layout_cave_pods, uniq_grinder, uniq_menkaure, uniq_prince_ribbit1,
          uniq_edmund
Temple:   kilobyte_greek_temple

Skill      XL: |  1  2  3  4  5  6  7  8 |
---------------+-------------------------+-----
Stealth        | 1 2 3 4 5 |  5.1
Armour         | 1 2 3 4 |  4.1
Dodging        | 4 5 |  5.9
Fighting       | 3 4 |  4.4
Throwing       | 3 4 |  4.4
Short Blades   | 5 6 |  6.2

Action                   |  1- 3 |  4- 6 |  7- 9 || total
-------------------------+-------+-------+-------++-------
Melee: Rapier            |    88 |   154 |       ||   242
       Short sword       |       |    41 |   201 ||   242
Throw: Throwing net      |       |     6 |     1 ||     7
Evoke: Wand              |       |       |     9 ||     9
  Use: Potion            |       |     5 |     3 ||     8
       Scroll            |       |       |     1 ||     1
 Stab: Sleeping          |     4 |     7 |     4 ||    15
       Held in net/web   |       |     3 |     1 ||     4
  Eat: Chunk             |     8 |     7 |     6 ||    21
Armor: Leather armour    |    14 |    19 |    22 ||    55
Dodge: Dodged            |    63 |   128 |   110 ||   301

Table legend:
 A = Non-vault XP
 B = Vault XP
 C = Vault XP percentage of total XP
 D = Non-vault monster count
 E = Vault monster count
 F = Vault count percentage of total count
                 A         B        C        D         E       F
            +---------+---------+-------+---------+---------+-------
      Total |    1204 |     497 |  29.2 |      92 |       4 |   4.2
            +---------+---------+-------+---------+---------+-------
        D:1 |      60 |       0 |   0.0 |      23 |       0 |   0.0
        D:2 |      61 |       0 |   0.0 |      20 |       0 |   0.0
        D:3 |     138 |     241 |  63.6 |      27 |       2 |   6.9
        D:4 |     335 |       0 |   0.0 |       4 |       0 |   0.0
        D:5 |     329 |      99 |  23.1 |       9 |       1 |  10.0
        D:6 |     281 |     157 |  35.8 |       9 |       1 |  10.0
            +---------+---------+-------+---------+---------+-------
